 Dungeon Crawl Stone Soup version 0.28.0 (webtiles) character file.

Game seed: 8361650660677450582

22 hikkokomori the Chiller (level 2, 0/15 HPs)
             Began as a Gargoyle Ice Elementalist on Feb 18, 2022.
             Shot with a stone by a goblin (1 damage)
             ... on level 2 of the Dungeon.
             The game lasted 00:02:37 (1726 turns).

hikkokomori the Chiller (Gargoyle Ice Elementalist) Turns: 1726, Time: 00:02:37

Health: 0/15       AC:  4    Str: 11    XL:     2   Next: 91%
Magic:  5/5        EV: 11    Int: 15    God:
Gold:   21         SH:  0    Dex: 10    Spells: 4/5 levels left

rFire   . . .      SeeInvis .   d - +0 hand axe
rCold   . . .      Faith    .   (no shield)
rNeg    + . .      Spirit   .   a - +0 robe
rPois   ∞          Reflect  .   (no helmet)
rElec   +          Harm     .   (no cloak)
rCorr   .          Rampage  .   (no gloves)
Will    .....                   (no boots)
Stlth   ++........              (no amulet)
HPRegen 0.05/turn               (no ring)
MPRegen 0.09/turn               (no ring)

@: no status effects
A: sickness immunity, AC +2, negative energy resistance 1, electricity
resistance, torment resistance 1, petrification resistance
a: no special abilities


You were on level 2 of the Dungeon.
You visited 1 branch of the dungeon, and saw 2 of its levels.

You collected 21 gold pieces.

Inventory:

Hand Weapons
 c - a +0 club
 d - a +0 hand axe (weapon)
Armour
 a - a +0 robe (worn)
Scrolls
 b - 2 scrolls of identify {unknown}
Potions
 e - a potion of degeneration {unknown}
 f - a potion of curing {unknown}
 g - a potion of haste {unknown}


   Skills:
 - Level 1.5 Dodging
 + Level 3.1 Stealth
 - Level 2.0 Spellcasting
 + Level 4.4 Ice Magic


You had 4 spell levels left.
You knew the following spells:

 Your Spells              Type           Power      Damage    Failure   Level
a - Freeze                Ice            56%        1d7       3%          1

Your spell library contained the following spells:

 Spells                   Type           Power      Damage    Failure   Level
 Frozen Ramparts          Ice            28%        1d4       11%         3
 Ozocubu's Armour         Ice            14%        N/A       11%         3
 Hailstorm                Conj/Ice       8%         3d4       65%         4


Dungeon Overview and Level Annotations

Branches:
Dungeon (2/15)

Altars:


Innate Abilities, Weirdness & Mutations

You are immune to sickness and miasma.
Your stone body is resilient. (AC +2)
You are immune to poison.
You resist negative energy. (rN+)
You are resistant to electric shocks. (rElec)
You are resistant to unholy torment.
You are immune to petrification.


Message History

You see here 29 stones.
You enter the shallow water.
Moving in this stuff is going to be slow.
There is a stone staircase leading down here.
You climb downwards.
There is a stone staircase leading up here.
A bat comes into view.
Found a leather armour and a viscous cyan potion.
A bat is nearby!
You closely miss the bat. The bat hits you but does no damage.
The bat closely misses you.
You closely miss the bat. The bat hits you but does no damage.
The bat barely misses you.
You hit the bat.
You kill the bat!
No target in view!
A bat comes into view.
Found 12 gold pieces and a ring mail.
You see here a viscous cyan potion.
g - a viscous cyan potion A bat is nearby!
A goblin comes into view. It is wielding a +0 dagger.
The goblin shouts!
The bat hits you but does no damage. x2; The goblin unwields a +0 dagger.
The goblin wields a +1 hunting sling of freezing.
It is covered in frost.
The goblin shoots a stone.
The stone hits you but does no damage.
You completely miss the bat. The bat misses you.
A rat comes into view.
Found 27 stones.
The bat hits you but does no damage.
The goblin shoots a stone.
The stone hits you. The stone freezes you. The bat hits you.
The goblin shoots a stone.
The stone hits you. The stone freezes you.
You are too injured to fight recklessly!
The goblin shoots a stone.
The stone hits you.
* * * LOW HITPOINT WARNING * * *
The stone freezes you.
* * * LOW HITPOINT WARNING * * *
The bat barely misses you.
The goblin shoots a stone.
The stone hits you.
You die...

#.....####....
###.............
........†....#...
####.............
.######..##.#[..
........## .# ...
#........# r# ..
#.######.##.##...
###@......$#
###....b.....#
#............#
#......###....
#......#... ...
............. .
...[...........
...g...........
...............


You could see a goblin and a bat.

Vanquished Creatures
  A dart slug (D:1)
  3 ball pythons (D:1)
  A bat (D:2)
  An endoplasm (D:1)
  2 goblins (D:1)
  3 hobgoblins (D:1)
  2 jackals (D:1)
  A quokka (D:1)
  A kobold (D:1)
  2 rats (D:1)
17 creatures vanquished.

Vanquished Creatures (others)
  5 toadstools (D:1)
5 creatures vanquished.

Grand Total: 22 creatures vanquished

Notes
Turn   | Place    | Note
-------+----------+-------------------------------------------
     0 | D:1      | hikkokomori the Gargoyle Ice Elementalist began the quest
                  | for the Orb.
     0 | D:1      | Reached XP level 1. HP: 10/10 MP: 3/3
   506 | D:1      | Reached XP level 2. HP: 15/15 MP: 1/5
   560 | D:1      | Found a faded altar of an unknown god.
  1726 | D:2      | Shot with a stone by a goblin

Illustrated notes

Levels and vault maps discovered:
D:1:      ldierk_walled_garden, layout_loops_ring,
          hellmonk_ecumenical_altar_crossroads
D:2:      layout_rooms

Skill      XL: |  1  2 |
---------------+-------+-----
Stealth        | 3 |  3.1
Dodging        | |  1.5
Spellcasting   | |  2.0
Ice Magic      | |  4.4

Action                   || total
-------------------------++-------
Melee: Hand axe          ||    17
       Unarmed           ||     1
 Cast: Freeze            ||    28
Armor: Robe              ||    14
Dodge: Dodged            ||    29
